Map: King's Cove LE

Players

Clem

  • Race: Terran Terran
  • League: Grandmaster
  • Spawn Location: 11:00

Harstem - Winner!

  • Race: Protoss Protoss
  • League: Grandmaster
  • Spawn Location: 5:00

Event: HomeStory Cup XIX

VOD

Have the link to the VOD?

Description

Time

  • Played on: June 27, 2019, 7:48 a.m.
  • Length: 9:48

All games in this series

Show
View Real Time Build Order
Export as new Build Order

Clem Terran 

Build Orders: Reaper Expand, Mech 

Get SALT Encoding   

  12  0:01  SCV  
  13  0:13  SCV  
  14  0:18  Supply Depot  
  14  0:25  SCV  
  15  0:39  SCV  
  15  0:41  Barracks  
  16  0:44  Refinery  
  16  0:51  SCV  
  17  1:03  SCV  
  18  1:16  SCV  
  19  1:28  Orbital Command  
  19  1:29  Reaper  
  20  1:44  Command Center  
  20  1:53  SCV  
  21  1:56  Supply Depot  
  21  2:01  Barracks Reactor  
  21  2:05  Bunker  
  21  2:08  SCV  
  21  2:12  Refinery  
  22  2:21  SCV  
  23  2:25  Factory  
  23  2:33  SCV  
  24  2:37  Marine x2  
  26  2:45  SCV  
  27  2:55  Marine x2  
  27  2:57  SCV  
  27  2:58  Orbital Command  
  30  3:04  Orbital Command  
  30  3:09  Factory Tech Lab, Starport  
  30  3:11  SCV  
  31  3:13  Marine x2  
  33  3:24  SCV  
  34  3:30  SCV  
  34  3:33  Marine x2  
  37  3:35  Siege Tank  
  37  3:41  SCV, Supply Depot  
  40  3:43  SCV  
  40  3:46  Viking  
  43  3:53  Marine x2, SCV  
  46  4:03  SCV  
  46  4:05  Supply Depot  
  46  4:07  Siege Tank  
  46  4:08  SCV  
  51  4:10  Liberator  
  51  4:11  Marine x2  
  51  4:17  SCV, Supply Depot  
  53  4:23  Engineering Bay  
  54  4:27  SCV  
  58  4:35  Marine x2  
  58  4:36  SCV  
  60  4:39  SCV  
  60  4:44  Siege Tank  
  63  4:46  Supply Depot  
  63  4:48  SCV  
  64  4:53  Marine, SCV  
  64  4:56  Supply Depot  
  66  5:00  SCV  
  66  5:03  Command Center  
  67  5:10  SCV  
  67  5:13  Viking  
  66  5:18  Marine x2  
  66  5:20  SCV  
  66  5:27  SCV  
  67  5:29  Siege Tank  
  67  5:33  SCV  
  71  5:39  SCV  
  71  5:40  Supply Depot  
  71  5:41  Marine x2  
  73  5:46  SCV  
  58  5:51  SCV  
  58  5:55  Refinery  
  52  5:57  Refinery  
  52  5:59  Marine  
  52  6:03  SCV  
  54  6:08  Factory  
  54  6:09  SCV  
  52  6:11  Factory  
  52  6:13  Marine  
  52  6:15  SCV  
  54  6:20  Orbital Command  
  54  6:22  SCV  
  55  6:27  Siege Tank  
  55  6:28  Marine  
  55  6:31  Marine, SCV  
  61  6:35  SCV  
  61  6:38  Starport Tech Lab  
  62  6:43  SCV  
  62  6:46  Missile Turret  
  62  6:47  SCV  
  62  6:48  Missile Turret  
  62  6:49  SCV  
  62  6:55  SCV  
  62  6:56  Mag-Field Accelerator  
  62  6:58  Orbital Command  
  62  6:59  SCV  
  64  7:02  Cyclone  
  64  7:04  Hellion x2  
  71  7:09  Starport Reactor  
  71  7:13  Cyclone  
  71  7:14  SCV x2  
  76  7:21  Missile Turret  
  76  7:23  Supply Depot x2  
  76  7:28  Hellion  
  76  7:29  Supply Depot, Hellion  
  81  7:30  SCV x2, Supply Depot  
  81  7:31  SCV  
  86  7:43  SCV  
  86  7:44  SCV x2  
  89  7:48  Siege Tank x2  
  92  7:54  Refinery x2, Supply Depot  
  92  7:55  Supply Depot  
  92  7:57  Widow Mine x2, SCV  
  97  8:00  SCV x2  
  97  8:05  Viking  
  101  8:06  Viking  
  101  8:10  SCV  
  101  8:12  SCV  
  105  8:13  SCV  
  104  8:20  Factory x2  
  104  8:23  Hellion x2  
  104  8:27  Siege Tank  
  111  8:28  Liberator  
  111  8:29  Liberator, SCV x2  
  111  8:33  Siege Tank  
  111  8:34  SCV  
  117  8:41  Missile Turret, SCV  
  118  8:46  Missile Turret  
  118  8:47  SCV  
  125  8:51  SCV  
  125  8:53  SCV  
  127  8:58  Command Center  
  127  9:08  Factory Tech Lab, Factory Reactor, Hellion x2  
  131  9:14  Armory  
  131  9:16  Armory  
  131  9:23  Supply Depot  
  136  9:25  SCV x3, Supply Depot  
Show
View Real Time Build Order
Export as new Build Order

Harstem Protoss - Winner!

Build Orders: 1 Gate Expand, Oracle Opening 

Get SALT Encoding   

  12  0:00  Probe  
  13  0:12  Probe  
  14  0:18  Pylon  
  14  0:24  Probe  
  15  0:32  Probe  
  15  0:37  Gateway  
  15  0:40  Probe  
  16  0:46  Assimilator  
  17  0:51  Probe  
  18  1:03  Probe  
  19  1:15  Probe  
  20  1:25  Nexus  
  20  1:34  Cybernetics Core  
  20  1:37  Probe  
  21  1:47  Assimilator  
  21  1:49  Probe  
  21  1:54  Pylon  
  22  2:01  Probe  
  22  2:02  Adept  
  23  2:13  Probe  
  26  2:23  Stargate  
  26  2:25  Probe  
  27  2:32  Adept  
  27  2:33  Probe x2  
  29  2:39  Warp Gate  
  29  2:41  Probe x2  
  33  2:51  Probe  
  33  2:52  Probe  
  35  2:59  Oracle  
  35  3:03  Probe  
  36  3:10  Probe  
  40  3:19  Probe  
  40  3:32  Probe  
  40  3:33  Probe  
  44  3:44  Pylon  
  44  3:45  Probe x2  
  46  3:53  Oracle  
  46  3:54  Nexus  
  44  3:57  Probe, Pylon  
  44  3:58  Robotics Facility  
  44  3:59  Probe  
  44  4:01  Adept  
  51  4:09  Probe  
  52  4:13  Pylon  
  52  4:19  Probe, Gateway  
  52  4:20  Gateway  
  53  4:29  Phoenix  
  55  4:38  Probe  
  56  4:40  Probe  
  56  4:43  Immortal  
  56  4:44  Assimilator  
  57  4:46  Assimilator  
  57  4:50  Probe  
  57  4:52  Zealot, Probe  
  57  4:53  Phoenix  
  63  5:02  Probe  
  63  5:04  Probe  
  65  5:11  Probe  
  65  5:12  Phoenix  
  66  5:14  Probe  
  66  5:15  Immortal  
  66  5:16  Zealot x3  
  79  5:29  Pylon  
  79  5:32  Probe  
  82  5:37  Sentry, Zealot  
  84  5:44  Phoenix  
  84  5:49  Probe  
  80  5:50  Probe  
  80  5:52  Stalker  
  80  5:53  Probe  
  84  5:59  Stalker  
  84  6:01  Probe  
  84  6:02  Probe  
  88  6:04  Probe  
  88  6:12  Probe  
  88  6:14  Probe  
  88  6:15  Probe  
  88  6:18  Observer  
  91  6:19  Robotics Bay  
  91  6:20  Probe  
  91  6:25  Pylon  
  91  6:26  Probe  
  91  6:27  Probe  
  93  6:35  Pylon  
  93  6:41  Forge, Pylon  
  93  6:43  Probe x3  
  96  6:47  Forge  
  96  6:51  Immortal  
  100  6:55  Probe x3  
  100  6:57  Twilight Council  
  100  6:58  Zealot x3, Pylon  
  109  7:07  Probe, Gateway  
  109  7:08  Gateway  
  110  7:10  Probe  
  110  7:11  Assimilator  
  110  7:14  Assimilator  
  111  7:22  Warp Prism  
  111  7:23  Probe  
  111  7:25  Probe  
  111  7:27  Protoss Ground Armor Level 1  
  114  7:33  Gateway  
  114  7:34  Charge, Gateway  
  114  7:36  Probe, Pylon  
  116  7:38  Protoss Ground Weapons Level 1  
  115  7:45  Gateway  
  115  7:46  Probe, Pylon  
  115  7:48  Templar Archives  
  116  7:54  Nexus  
  116  7:55  Pylon  
  116  7:59  Warp Prism  
  116  8:00  Probe  
  117  8:07  Pylon  
  117  8:12  Zealot x4  
  127  8:14  Zealot  
  129  8:32  Probe  
  129  8:33  Probe  
  129  8:34  High Templar x3  
  133  8:35  High Templar x3  
  133  8:36  Zealot  
  133  8:39  Pylon  
  145  8:42  Archon x3  
  145  8:51  Probe  
  145  8:54  Probe  
  145  8:55  Probe  
  143  8:56  Gateway x2  
  143  9:00  Gateway x2  
  143  9:04  High Templar x2  
  143  9:07  High Templar x2  
  143  9:08  Zealot x4  
  143  9:09  Probe, Archon  
  160  9:11  Probe x2, Pylon  
  160  9:14  Archon  
  166  9:29  Zealot x4  
  162  9:40  Zealot x4  
Tags
 
Add a new tag
Caveats
  • Supply blocks, unpowered buildings, or Contaminate may cause inaccurate times.
  • Supply counts are checked every 10 seconds.